 Dungeon Crawl Stone Soup version bcrawl-1.19.2-6-g6a88ae04c9 (webtiles) character file.

Game seed: 9046238135486587413

2125 Mrkan the Cleaver (level 9, 0/118 HPs)
             Began as a Minotaur Fighter on Dec 31, 2019.
             Was a Priest of Lugonu.
             Succumbed to an orc wizard's poison
             ... on level 6 of the Dungeon.
             The game lasted 00:09:56 (6250 turns).

Mrkan the Cleaver (Minotaur Fighter)                Turns: 6250, Time: 00:09:57

Health: 0/118      AC: 24    Str: 21    XL:     9   Next: 8%
Magic:  10/10      EV:  2    Int:  5    God:    Lugonu [***...]
Gold:   442        SH: 11    Dex: 18    Spells: 8/8 levels left

rFire    . . .     SeeInvis .   a - +0 war axe
rCold    . . .     Gourm    .   c - +0 shield
rNeg     + + +     Faith    .   (armour currently unavailable)
rPois    +         Spirit   .   (helmet currently unavailable)
rElec    .         Reflect  .   (cloak currently unavailable)
rCorr    .         Harm     .   (gloves currently unavailable)
MR       .....     NoTele   +   (boots currently unavailable)
Stlth    +++.......             (no amulet)
HPRegen  0.29/turn              (no ring)
MPRegen  0.12/turn              (no ring)

@: agile, lethally poisoned (0 -> -14), swift, tree-form, hasted, very quick
A: (retaliatory headbutt)
a: Depart the Abyss, Bend Space, Banish, Renounce Religion


You were on level 6 of the Dungeon.
You worshipped Lugonu.
Lugonu was most pleased with you.
You were hungry.
You were a tree.
You visited 1 branch of the dungeon, and saw 6 of its levels.
You also visited: Ossuary.

You collected 524 gold pieces.
You spent 82 gold pieces at shops.

Inventory:

Hand Weapons
 a - a +0 war axe (weapon)
Armour
 c - a +0 shield (worn)
 i - a +0 pair of boots (melded)
 x - a +0 plate armour (melded)
Jewellery
 u - an uncursed ring of protection from cold {unknown}
 z - an uncursed ring of fire {unknown}
 C - an uncursed ring of positive energy {unknown}
 H - an uncursed ring of insulation {unknown}
Wands
 b - a wand of digging (6)
 y - a wand of polymorph (10)
Scrolls
 g - a scroll of magic mapping {unknown}
 j - 3 scrolls of teleportation {unknown}
 l - 2 scrolls of enchant armour
 n - a scroll of enchant weapon {unknown}
 p - 3 scrolls of identify {unknown}
 q - a scroll of amnesia {unknown}
 t - 2 scrolls of noise {unknown}
 A - a scroll of fear {unknown}
 D - a scroll of immolation {unknown}
 E - a scroll of vulnerability {unknown}
 G - a scroll of fog {unknown}
 I - a scroll of remove curse {unknown}
Potions
 d - 3 potions of might
 e - a potion of degeneration {unknown}
 h - a potion of flight
 k - a potion of agility
 m - a potion of lignification
 o - a potion of resistance {unknown}
 r - 2 potions of curing {unknown}
 s - 6 potions of haste
 v - 2 potions of magic {unknown}
 w - 3 potions of heal wounds {unknown}
 B - a potion of ambrosia {unknown}
 F - a potion of mutation {unknown}
Comestibles
 f - 13 rations {!d}


   Skills:
 + Level 7.0 Fighting
 * Level 8.9 Axes
 + Level 7.0 Armour
 + Level 7.0 Shields
 + Level 3.9 Invocations


You had 8 spell levels left.
You didn't know any spells.
Your spell library was empty.

Dungeon Overview and Level Annotations

Branches:
Dungeon (6/12)             Temple (0/1) D:4

Altars:
Ashenzari
Dithmenos
Gozag
Lugonu
Makhleb
Okawaru
Ru
Sif Muna
Uskayaw
Xom
Zin

Shops:
D:5 *


Innate Abilities, Weirdness & Mutations

((You reflexively headbutt those who attack you in melee.))
((You have a pair of horns on your head.))


Message History

It was a potion of flight.
You feel very buoyant.
You fly up into the air.
* * * LOW HITPOINT WARNING * * *
You feel very sick.
Okay, then.
It was a potion of agility.
You feel agile all of a sudden.
* * * LOW HITPOINT WARNING * * *
You feel very sick.
It was a potion of lignification.
You turn into a tree.
Your +0 pair of boots melds into your body.
Your +0 plate armour melds into your body.
Your roots penetrate the ground.
You feel yourself speed up.
* * * LOW HITPOINT WARNING * * *
You feel very sick.
The orc throws a stone.
You block the stone.
It was a potion of haste.
You feel yourself speed up.
You die...

###.#.....# ###
.####......####
........####
.######..# ##.#
##)###
##....####
##........#
#.....♣...##
.o....#..)...#
#....###)...#.#
#..o# #...## ..
.... ##.## .#
... .## #. ..
...


You could see an orc.

Vanquished Creatures
  3 orc warriors
  A sky beast (D:4)
  2 phantoms
  2 centaurs
  2 ogres
  4 bullfrogs
  A water moccasin zombie (Ossuary)
  7 crimson imps
  3 hounds (D:6)
  5 orc priests
  An iguana (D:5)
  2 worker ants (D:4)
  3 orc wizards
  2 big kobold zombies (Ossuary)
  2 mummies (Ossuary)
  5 adders
  An ooze (D:3)
  2 worm zombies (D:5)
  7 adder zombies (Ossuary)
  4 adder skeletons
  3 worms
  A dart slug (D:1)
  6 leopard geckos
  18 orcs
  4 bats
  4 giant cockroaches
  A gnoll zombie (Ossuary)
  4 goblins (D:2)
  5 hobgoblins
  11 jackals
  9 kobolds
  3 quokkas
  2 ball pythons (D:2)
  3 frilled lizards
  2 hobgoblin zombies (Ossuary)
  A kobold zombie (Ossuary)
  7 orc zombies (Ossuary)
  A quokka skeleton (D:4)
  4 rats
  2 rat zombies (D:5)
150 creatures vanquished.

Vanquished Creatures (others)
  A kobold zombie (Ossuary)
1 creature vanquished.

Grand Total: 151 creatures vanquished

Notes
Turn   | Place    | Note
-------+----------+-------------------------------------------
     0 | D:1      | Mrkan the Minotaur Fighter began the quest for the Orb.
     0 | D:1      | Reached XP level 1. HP: 19/19 MP: 0/0
   149 | D:1      | Reached XP level 2. HP: 27/27 MP: 1/1
   277 | D:1      | Reached skill level 3 in Axes
   473 | D:2      | Reached XP level 3. HP: 13/33 MP: 2/2
   998 | D:2      | Reached XP level 4. HP: 34/40 MP: 3/3
  1546 | D:3      | Reached skill level 4 in Axes
  1995 | D:3      | Found a corrupted altar of Lugonu.
  2004 | D:3      | Became a worshipper of Lugonu the Unformed
  2585 | D:4      | Noticed a sky beast
  2593 | D:4      | Reached XP level 5. HP: 34/47 MP: 4/4
  2604 | D:4      | Killed a sky beast
  2604 | D:4      | Reached skill level 5 in Axes
  2622 | D:4      | Reached XP level 6. HP: 25/55 MP: 5/5
  2805 | D:4      | Found a staircase to the Ecumenical Temple.
  2834 | D:4      | Found a shattered altar of Ashenzari.
  2852 | D:4      | Reached skill level 5 in Armour
  2852 | D:4      | Reached skill level 5 in Shields
  2994 | D:4      | Found an iron altar of Okawaru.
  3002 | D:4      | Reached skill level 5 in Fighting
  3287 | D:4      | Noticed an orc warrior
  3292 | D:4      | Reached skill level 1 in Invocations
  3306 | D:4      | Killed an orc warrior
  3306 | D:4      | Reached skill level 6 in Axes
  3306 | D:4      | Reached XP level 7. HP: 20/61 MP: 5/7
  3523 | D:4      | Reached ** piety under Lugonu
  3610 | D:4      | Found a sacrificial altar of Ru.
  4185 | D:5      | Entered Level 5 of the Dungeon
  4235 | D:5      | Found a glowing silver altar of Zin.
  4256 | D:5      | Found a sand-covered staircase.
  4275 | Ossuary  | Entered an ossuary
  4485 | Ossuary  | Reached *** piety under Lugonu
  4552 | D:5      | Found a shadowy altar of Dithmenos.
  4552 | D:5      | Found a hide-covered altar of Uskayaw.
  4555 | D:5      | Found a shimmering altar of Xom.
  4555 | D:5      | Found a burning altar of Makhleb.
  4609 | D:5      | Reached skill level 7 in Axes
  4618 | D:5      | Reached XP level 8. HP: 60/70 MP: 8/8
  4711 | D:5      | Found Difrat's General Store.
  4715 | D:5      | Bought a scroll of enchant armour for 82 gold pieces
  5006 | D:5      | Found a shimmering blue altar of Sif Muna.
  5484 | D:6      | Found an opulent altar of Gozag.
  5520 | D:6      | Reached skill level 8 in Axes
  6223 | D:6      | Reached XP level 9. HP: 74/78 MP: 10/10
  6248 | D:6      | HP: 3/79 [poisoned by an orc wizard]
  6250 | D:6      | Succumbed to an orc wizard's poison

Skill      XL: |  1  2  3  4  5  6  7  8  9 |
---------------+----------------------------+-----
Axes           | 3 4 5 6 7 8 |  8.9
Fighting       | 4 5 6 7 |  7.0
Armour         | 4 5 6 7 |  7.0
Shields        | 4 5 6 7 |  7.0
Invocations    | 1 2 3 |  3.9

Action                   |  1- 3 |  4- 6 |  7- 9 || total
-------------------------+-------+-------+-------++-------
Melee: War axe           |    50 |   165 |   226 ||   441
       Headbutt          |    11 |    20 |    53 ||    84
  Use: Potion            |       |       |     4 ||     4
  Eat: Chunk             |       |     4 |     6 ||    10
       Ration            |       |     1 |     1 ||     2
Armor: Scale mail        |    23 |    73 |       ||    96
       Plate armour      |       |       |   150 ||   150
Dodge: Dodged            |    16 |    38 |    30 ||    84
Block: Shield            |    27 |    87 |   139 ||   253
